AoeStats
← Dschinges Khan

Arabia

507331603Analyzed
1v1 RM · 15d ago on Sep 17, 2026· 41m 3s· 2 players
Game mode
Random Map
Map size
Tiny (2 player)
Population
200
Speed
Normal
Resources
Standard
Victory
Conquest
Starting age
Dark Age
Ending age
Imperial Age
RankedLock teamsTeams togetherTeam positionsShared explorationLock speedFull tech treeHidden civsTurbo modeCheats
Victory
Defeat
🇻🇪 Slavs · Venezuela
1356
+16
🇩🇪 Ethiopians · Germany
1350
-16
Dschinges Khan
6:11 Loom
9:09 Feudal Age
9:42 Double-Bit Axe
17:39 Scale Barding Armor
22:47 Castle Age
24:57 Bow Saw
25:16 Horse Collar
27:05 Wheelbarrow
26:15 Town Watch
31:18 Chain Barding Armor
32:38 Fletching
33:45 Forging
33:59 Husbandry
38:51 Imperial Age
38:24 Squires
38:26 Scale Mail Armor
39:19 Iron Casting
GokoshiJr
5:10 Loom
6:00 Loom
8:57 Feudal Age
9:25 Double-Bit Axe
16:36 Fletching
16:46 Padded Archer Armor
22:33 Castle Age
21:34 Gold Mining
21:54 Padded Archer Armor
23:23 Bodkin Arrow
23:44 Scale Barding Armor
23:57 Bow Saw
24:49 Leather Archer Armor
25:58 Wheelbarrow
25:44 Bloodlines
29:40 Husbandry
30:50 Sanctity
30:30 Atonement
35:12 Imperial Age
35:08 Chain Barding Armor
35:22 Devotion
35:36 Forging
36:05 Cavalier
38:21 Block Printing
Connection lost

Rejoining the realm…

Still unreachable

The connection could not be restored.

Session expired

The server has moved on; the page needs a fresh start.